 Dungeon Crawl Stone Soup version 0.31-a0-1267-gfedaa18580 (webtiles) character file.

Game seed: 2113526697250296696

146 skwerlee the Chopper (level 5, -1/42 HPs)
             Began as a Human Berserker on Dec 17, 2023.
             Was a Believer of Trog.
             Slain by a gnoll
             ... wielding a +0 spear
              (7 damage)
             ... on level 3 of the Dungeon.
             The game lasted 00:02:43 (1485 turns).

skwerlee the Chopper (Human Berserker)              Turns: 1485, Time: 00:02:43

Health: -1/42      AC:  4    Str: 19    XL:     5   Next: 28%
Magic:  5/5        EV: 12    Int:  8    God:    Trog [**....]
Gold:   105        SH:  0    Dex: 12    Spells: 4/4 levels left

rFire   . . .        a - +0 hand axe
rCold   . . .        (no shield)
rNeg    . . .        b - +0 animal skin
rPois   .            (no helmet)
rElec   .            f - +0 cloak {Stlth+}
rCorr   .            (no gloves)
SInv    .            i - +0 pair of boots
Will    .....        (no amulet)
Stlth   +++          (no ring)
HPRegen 0.27/turn    (no ring)
MPRegen 0.09/turn

%: no passive effects
@: no status effects
A: explore regen
a: Renounce Religion, Berserk, Trog's Hand


You were on level 3 of the Dungeon.
You worshipped Trog.
Trog was pleased with you.
You visited 1 branch of the dungeon, and saw 3 of its levels.

You collected 105 gold pieces.

Inventory:

Hand Weapons
 a - a +0 hand axe (weapon)
Missiles
 m - a throwing net
Armour
 b - a +0 animal skin (worn)
 f - a +0 cloak of stealth (worn)
 i - a +0 pair of boots (worn)
Jewellery
 c - a +4 ring of protection
 g - a ring of willpower
Scrolls
 h - a scroll of brand weapon {unknown}
 j - 2 scrolls of vulnerability {unknown}
 k - a scroll of amnesia {unknown}
 l - a scroll of immolation {unknown}
 n - a scroll of identify {unknown}
Potions
 d - a potion of curing {unknown}
 e - 3 potions of haste {unknown}


   Skills:
 + Level 3.9 Fighting
 + Level 4.8 Axes
 + Level 2.2 Armour
 - Level 2.2 Dodging
 - Level 1.0 Stealth


You had 4 spell levels left.
You didn't know any spells.
Your spell library was empty.

Dungeon Overview and Level Annotations

Branches:
Dungeon (3/15)

Altars:

Shops:
D:1 ?

Annotations:
D:3 Jessica


Innate Abilities, Weirdness & Mutations

You regain HP and MP as you explore.


Message History

You hit the gnoll.
The gnoll is moderately wounded.
The gnoll hits you but does no damage. The gnoll hits you with a +0 whip.
There are monsters nearby!
You hit the gnoll.
The gnoll is severely wounded.
The gnoll hits you with a +0 whip. The gnoll closely misses you.
There are monsters nearby!
You are too injured to fight recklessly!
There are monsters nearby!
You are too injured to fight recklessly!
There are monsters nearby!
You are too injured to fight recklessly!
The gnoll attacks as it pursues you! The gnoll closely misses you.
The gnoll attacks as it pursues you! The gnoll closely misses you.
You hit the gnoll.
The gnoll is almost dead.
The gnoll hits you from afar with a +0 spear!
The gnoll hits you with a +0 whip.
You slash the gnoll!
You kill the gnoll!
Trog accepts your kill. The gnoll hits you but does no damage.
The gnoll barely misses you.
Things that are here:
a +0 whip; a gnoll corpse You barely miss the gnoll.
The gnoll hits you with a +0 spear.
* * * LOW HITPOINT WARNING * * *
You closely miss the gnoll. The gnoll barely misses you.
You hit the gnoll.
The gnoll is lightly wounded.
The gnoll hits you with a +0 spear.
* * * LOW HITPOINT WARNING * * *
You hit the gnoll.
The gnoll is moderately wounded.
The gnoll barely misses you.
You closely miss the gnoll.
The gnoll is moderately wounded.
The gnoll hits you with a +0 spear!
You die...

###### #....# #
#.##.# #.
####....# #..
#.....#.#
#...#####.###.####
#..gg@..........>#
#...#####.#...####
### #.#.#...#
#...#.#.#
##..##.#.#
#>†.##.#.#
##..###.#.#
####...# #.#.#
#....#.###.#.#


You could see 2 gnolls.

Vanquished Creatures
  Robin (D:3)
  6 gnolls (D:3)
  2 adders (D:2)
  3 worms (D:2)
  An orc (D:3)
  3 bats
  3 endoplasms
  A giant cockroach (D:3)
  8 goblins
  5 hobgoblins
  2 quokkas
  7 ball pythons
  3 frilled lizards
  2 kobolds
  6 rats
53 creatures vanquished.

Notes
Turn   | Place    | Note
-------+----------+-------------------------------------------
     0 | D:1      | skwerlee the Human Berserker began the quest for the Orb.
     0 | D:1      | Reached XP level 1. HP: 18/18 MP: 1/1
    57 | D:1      | Found Viusog's Magic Scroll Boutique.
   144 | D:1      | Reached XP level 2. HP: 13/24 MP: 2/2
   458 | D:2      | Reached XP level 3. HP: 23/29 MP: 3/3
   616 | D:2      | Found a faded altar of an unknown god.
   713 | D:2      | Reached ** piety under Trog
   904 | D:2      | Reached skill level 1 in Stealth
   995 | D:2      | Reached XP level 4. HP: 31/36 MP: 4/4
  1053 | D:3      | Noticed Robin
  1074 | D:3      | Reached skill level 4 in Axes
  1080 | D:3      | Killed Robin
  1107 | D:3      | Noticed Jessica
  1195 | D:3      | Reached XP level 5. HP: 42/42 MP: 5/5
  1485 | D:3      | Slain by a gnoll

Illustrated notes

Levels and vault maps discovered:
D:1:      lightli_arrival_lavapool, layout_rooms, serial_shops,
          nicolae_shop_advertising_works [nicolae_subvault_shop_adworks]
D:2:      layout_basic, dreamdust_ecumenical_altar_angels_and_demons,
          kennysheep_decorative_pillar, serial_bayou_pond_e,
          kennysheep_generic_room_8
D:3:      layout_basic, nicolae_ru_sacrificial_ziggurat, uniq_jessica,
          uniq_grinder, uniq_robin

Skill      XL: |  1  2  3  4 |
---------------+-------------+-----
Stealth        | 1 |  1.0
Axes           | 4 |  4.8
Fighting       | |  3.9
Armour         | |  2.2
Dodging        | |  2.2

Action                     |  1- 3 |  4- 6 || total
---------------------------+-------+-------++-------
  Melee: Hand axe          |   108 |    65 ||   173
         Punch             |     1 |     1 ||     2
 Invoke: Berserk           |       |     1 ||     1
   Stab: Sleeping          |    10 |     1 ||    11
 Armour: Animal skin       |    51 |    31 ||    82
  Dodge: Dodged            |    50 |    41 ||    91

Table legend: (Time is in decaauts)
 A = Elapsed time spent in this place.
 B = Non-inter-level travel time spent in this place.
 C = Inter-level travel time spent in this place.
 D = Time resting spent in this place.
 E = Time spent auto-exploring this place.
 F = Levels seen in this place.
 G = Mean time per level.
                   A        B        C        D        E       F      G
               +--------+--------+--------+--------+--------+-----+--------+
         Total |   1508 |   1482 |     26 |    179 |    894 |   3 |  502.7 |
       Dungeon |   1508 |   1482 |     26 |    179 |    894 |   3 |  502.7 |
               +--------+--------+--------+--------+--------+-----+--------+

Top non-repeatable levels by time:
     D:2: 634 daAuts
     D:3: 463 daAuts
     D:1: 409 daAuts
